 Dungeon Crawl Stone Soup version 0.20-a0-303-g575bbf7 (webtiles) character file.

11 Junicave the Grasshopper (level 2, -2/13 HPs)
             Began as a Felid Warper on Dec 17, 2016.
             Slain by a hobgoblin (4 damage)
             ... on level 1 of the Dungeon.
             The game lasted 00:03:37 (293 turns).

Junicave the Grasshopper (Felid Warper)              Turns: 293, Time: 00:03:38

Health: -2/13      AC:  1    Str:  7    XL:     2   Next: 17%
Magic:  6/6        EV: 18    Int: 14    God:
Gold:   18         SH:  0    Dex: 15    Spells: 5/5 levels left
                                        Lives:  0   Deaths: 0

rFire  + . .     SeeInvis +       - Unarmed
rCold  x . .     Gourm    .     (armour unavailable)
rNeg   . . .     Faith    .     (shield unavailable)
rPois  .         Spirit   .     (helmet unavailable)
rElec  .         Reflect  .     (cloak unavailable)
rCorr  .         Harm     .     (gloves unavailable)
MR     .....                    (boots unavailable)
Stlth  ++........               (no amulet)
                                (no ring)
                                f - ring of fire

@: quick
A: no armour, no weapons or thrown items, stealth, claws 1, fangs 3, see
invisible, carnivore 3, speed 1, shaggy fur 1, slow metabolism 1, sharp paws
a: no special abilities


You were on level 1 of the Dungeon.
You were full.

You visited 1 branch of the dungeon, and saw 1 of its levels.

You collected 18 gold pieces.

Inventory:

Hand Weapons
 g - a +0 mace
Jewellery
 f - a ring of fire (left paw)
Scrolls
 b - a scroll of blinking
 d - 2 scrolls of identify {unknown}
 h - a scroll of fear {unknown}
Potions
 e - a potion of might {unknown}
 i - a potion of degeneration {unknown}
Books
 a - a book of Spatial Translocations

   Spells                             Type                      Level
   a - Blink                          Translocation                2
   b - Shroud of Golubria             Charms/Translocation         2
   c - Lesser Beckoning               Translocation                3
   d - Portal Projectile              Translocation                3
   e - Teleport Other                 Translocation                3
   f - Passage of Golubria            Translocation                4
Comestibles
 c - a meat ration


   Skills:
 + Level 2.3 Fighting
 + Level 3.3 Dodging
 + Level 2.2 Unarmed Combat
 + Level 2.1 Spellcasting
   Level 4.4 Translocations


You had 5 spell levels left.
You didn't know any spells.

Dungeon Overview and Level Annotations

Branches:
Dungeon (1/15)

Altars:


Innate Abilities, Weirdness & Mutations

You cannot wear armour.
You are incapable of wielding weapons or throwing items.
Your paws allow you to move quietly. (Stealth)
You have sharp claws.
You have razor-sharp teeth.
You have supernaturally acute eyesight. (SInv)
You are carnivorous and can eat meat at any time.
You cover ground quickly.
You are covered in fur. (AC +1)
You have a slow metabolism.
Your sharp claws are effective at attacking unaware monsters.


Message History

* * * LOW HITPOINT WARNING * * *
You scratch the frilled lizard.
You bite the frilled lizard, but do no damage.
The frilled lizard is heavily wounded.
The frilled lizard misses you.
You closely miss the frilled lizard.
The frilled lizard is heavily wounded.
The frilled lizard barely misses you.
You scratch the frilled lizard.
You kill the frilled lizard!
The hobgoblin closely misses you.
There is a large open door, spattered with blood here.
You see here a frilled lizard corpse.
You enter the shallow water.
Moving in this stuff is going to be slow.
The goblin shouts!
The goblin shouts!
The hobgoblin misses you. The hobgoblin hits you.
You die...

#############
##.....#.....##
##.............##
#........g......#
#..........g...§######## ###
#..........g@≈≈≈§§≈§§≈≈#
..###............≈8≈§≈§≈≈8≈#
...##............≈≈8≈§≈§8≈≈#
....#............≈≈≈####≈≈≈#
.....#...........≈§≈#.<#§§≈#
...#.............≈§≈#..#§≈≈#
..##..........###§≈≈#†'#≈≈≈#
...).#.)#.##..###≈≈8≈≈≈≈8≈≈#
..###..#.........≈8≈≈≈≈≈≈8≈#


You could see 2 hobgoblins and a goblin.

Vanquished Creatures
  2 bats (D:1)
  2 giant cockroaches (D:1)
  A goblin (D:1)
  A hobgoblin (D:1)
  A kobold (D:1)
  A frilled lizard (D:1)
  3 rats (D:1)
11 creatures vanquished.

Notes
Turn   | Place    | Note
-------+----------+-------------------------------------------
     0 | D:1      | Junicave the Felid Warper began the quest for the Orb.
     0 | D:1      | Reached XP level 1. HP: 9/9 MP: 4/4
   181 | D:1      | Reached XP level 2. HP: 11/13 MP: 6/6
   293 | D:1      | Slain by a hobgoblin

Vault maps used:
D:1:      lightli_arrival_boilingwater

Action                   || total
-------------------------++-------
Melee: Unarmed           ||    36
       Bite              ||     4
  Eat: Chunk             ||     3
Armor: Skin              ||     2
Dodge: Dodged            ||    40
